Map: Cosmic Sapphire

Players

Mixu

  • Race: Zerg Zerg
  • Spawn Location: 11:00

PtitDrogo - Winner!

  • Race: Protoss Protoss
  • Spawn Location: 5:00

Event: DreamHack SC2 Masters 2022 Atlanta (Offline)

VOD

Have the link to the VOD?

Description

Time

  • Played on: Nov. 18, 2022, 10:34 a.m.
  • Length: 9:49

All games in this series

Show
View Real Time Build Order
Export as new Build Order

Mixu Zerg 

Build Orders: Hatch First 

Get SALT Encoding   

  12  0:00  Drone  
  13  0:12  Overlord  
  13  0:17  Drone  
  14  0:31  Drone x2  
  16  0:45  Drone  
  17  0:51  Hatchery  
  17  0:55  Drone  
  17  0:59  Drone  
  18  1:09  Extractor  
  17  1:14  Spawning Pool  
  17  1:17  Drone  
  17  1:21  Drone  
  18  1:28  Drone  
  19  1:38  Drone  
  20  1:49  Overlord  
  20  2:00  Queen  
  22  2:03  Queen, Overlord  
  22  2:04  Zergling x2  
  25  2:10  Zergling x2  
  25  2:12  Metabolic Boost  
  26  2:16  Drone  
  26  2:22  Drone  
  28  2:25  Drone  
  29  2:31  Drone  
  30  2:41  Hatchery  
  30  2:43  Drone  
  30  2:47  Drone  
  31  2:52  Queen  
  31  2:57  Drone x2  
  35  3:00  Drone  
  36  3:07  Spore Crawler  
  36  3:08  Drone x2  
  36  3:12  Drone x3  
  40  3:17  Queen  
  42  3:21  Overlord  
  42  3:26  Drone  
  43  3:30  Drone x2, Extractor x2  
  45  3:42  Zergling x2  
  45  3:43  Zergling x2, Drone  
  45  3:44  Queen, Drone  
  51  3:48  Spore Crawler  
  51  3:50  Overlord  
  51  3:51  Drone  
  51  3:54  Drone  
  52  3:58  Drone  
  52  3:59  Drone x2  
  52  4:01  Spore Crawler  
  52  4:02  Drone  
  55  4:04  Drone x2  
  55  4:07  Overlord  
  57  4:10  Drone  
  57  4:11  Drone  
  57  4:13  Drone  
  60  4:17  Drone x2  
  60  4:22  Spore Crawler  
  59  4:24  Overlord  
  59  4:27  Drone x2  
  59  4:28  Drone x2  
  63  4:32  Drone x2  
  63  4:36  Drone  
  66  4:39  Drone x4  
  66  4:41  Overlord  
  66  4:44  Drone  
  71  4:45  Drone  
  72  4:53  Roach Warren  
  72  4:54  Overlord  
  72  4:59  Drone, Hatchery  
  71  5:03  Queen  
  71  5:05  Extractor  
  71  5:06  Extractor  
  71  5:08  Evolution Chamber  
  71  5:12  Overlord  
  71  5:13  Drone x4  
  72  5:18  Drone x2  
  72  5:21  Lair, Drone x2, Hatchery  
  71  5:25  Drone  
  74  5:29  Drone  
  74  5:31  Drone  
  74  5:33  Drone x4  
  74  5:35  Extractor  
  79  5:37  Drone  
  79  5:38  Extractor  
  79  5:40  Extractor  
  78  5:45  Queen  
  78  5:48  Zerg Missile Weapons Level 1  
  80  5:50  Overlord  
  80  5:53  Drone  
  81  5:59  Overlord  
  81  6:03  Roach x5  
  91  6:05  Overlord x2  
  91  6:07  Drone x2  
  92  6:12  Spore Crawler  
  92  6:13  Overlord  
  92  6:14  Roach x6  
  103  6:24  Drone x2  
  104  6:28  Glial Reconstitution  
  104  6:29  Queen  
  106  6:36  Roach x8  
  122  6:42  Pneumatized Carapace  
  122  6:43  Roach x3  
  128  6:56  Overseer  
  128  6:57  Overlord  
  128  7:00  Roach x6  
  140  7:04  Overlord x2  
  140  7:07  Roach x2  
  144  7:11  Overlord  
  144  7:19  Roach x4  
  152  7:24  Roach x2  
  152  7:29  Overlord  
  156  7:30  Roach x2  
  156  7:35  Roach x3  
  156  7:36  Ravager x4  
  156  7:37  Ravager x3, Overlord  
  173  7:39  Roach  
  173  7:43  Overlord  
  175  7:48  Roach x3, Extractor  
  175  7:50  Roach x2  
  184  7:53  Overlord x2  
  184  8:03  Roach x8  
  195  8:09  Ravager x3  
  196  8:24  Roach x4  
  184  8:28  Roach x8  
  186  8:37  Roach x4  
  189  8:45  Queen, Roach x4  
  195  8:55  Roach x4  
  179  9:01  Roach  
  147  9:03  Roach x3  
  147  9:04  Queen  
  131  9:10  Queen  
  131  9:12  Roach  
  131  9:15  Roach x3  
  141  9:22  Roach  
  139  9:29  Roach  
  143  9:36  Ravager  
Show
View Real Time Build Order
Export as new Build Order

PtitDrogo Protoss - Winner!

Build Orders: 1 Gate Expand, Oracle Opening, Archon Immortal 

Get SALT Encoding   

  12  0:00  Probe  
  13  0:13  Probe  
  14  0:22  Pylon  
  14  0:25  Probe  
  15  0:40  Probe (Chrono Boost)  
  16  0:44  Gateway  
  17  0:50  Probe (Chrono Boost)  
  17  0:52  Assimilator  
  17  0:55  Probe (Chrono Boost)  
  18  1:07  Probe  
  19  1:19  Probe  
  20  1:28  Nexus  
  20  1:37  Cybernetics Core  
  20  1:40  Probe  
  21  1:48  Assimilator  
  21  1:53  Probe  
  22  1:56  Pylon  
  22  2:05  Probe  
  23  2:11  Adept (Chrono Boost)  
  25  2:18  Probe  
  25  2:20  Stargate  
  26  2:30  Probe (Chrono Boost)  
  26  2:32  Warp Gate  
  26  2:34  Adept  
  29  2:41  Probe (Chrono Boost)  
  31  2:48  Probe (Chrono Boost)  
  31  2:50  Probe (Chrono Boost)  
  32  2:55  Probe x2 (Chrono Boost)  
  34  3:00  Oracle (Chrono Boost)  
  37  3:06  Probe  
  37  3:10  Probe  
  39  3:12  Pylon  
  39  3:15  Gateway  
  39  3:18  Probe  
  40  3:22  Probe  
  41  3:28  Oracle (Chrono Boost)  
  41  3:30  Probe  
  45  3:35  Probe  
  46  3:42  Probe  
  46  3:46  Nexus  
  46  3:48  Probe  
  48  3:51  Pylon  
  48  3:54  Probe  
  49  4:00  Oracle, Probe (Chrono Boost)  
  53  4:08  Assimilator  
  53  4:09  Assimilator  
  54  4:11  Probe (Chrono Boost), Pylon  
  54  4:12  Probe (Chrono Boost)  
  55  4:20  Probe (Chrono Boost)  
  55  4:21  Probe (Chrono Boost)  
  57  4:26  Probe  
  57  4:31  Probe  
  59  4:35  Twilight Council, Stalker  
  59  4:36  Forge  
  59  4:38  Adept  
  63  4:39  Probe (Chrono Boost)  
  63  4:43  Probe (Chrono Boost)  
  63  4:44  Gateway  
  65  4:52  Probe (Chrono Boost), Gateway  
  66  4:55  Probe (Chrono Boost)  
  66  4:59  Zealot x2  
  71  5:01  Probe (Chrono Boost)  
  71  5:03  Probe (Chrono Boost)  
  71  5:06  Probe (Chrono Boost)  
  73  5:07  Shield Battery  
  73  5:12  Probe (Chrono Boost)  
  73  5:13  Probe (Chrono Boost)  
  75  5:18  Probe  
  77  5:21  Pylon  
  77  5:22  Protoss Ground Weapons Level 1 (Chrono Boost), Probe (Chrono Boost)  
  77  5:23  Probe (Chrono Boost)  
  77  5:24  Charge  
  77  5:27  Robotics Facility  
  78  5:30  Probe (Chrono Boost)  
  78  5:34  Templar Archives  
  81  5:38  Probe (Chrono Boost)  
  81  5:39  Probe x2 (Chrono Boost)  
  81  5:41  Assimilator  
  81  5:42  Assimilator  
  82  5:45  Probe  
  82  5:46  Probe, Pylon  
  82  5:47  Probe  
  85  5:57  Gateway, Probe, Pylon  
  85  5:58  Probe  
  85  5:59  Gateway  
  85  6:01  Gateway  
  87  6:05  Probe  
  87  6:09  Photon Cannon, Psionic Storm  
  87  6:10  Gateway  
  88  6:15  High Templar x4  
  96  6:27  Observer (Chrono Boost)  
  97  6:37  Photon Cannon  
  97  6:39  Pylon  
  97  6:40  Immortal (Chrono Boost)  
  97  6:43  Nexus  
  97  6:44  Pylon  
  101  6:49  Probe, Pylon  
  101  6:50  Pylon  
  101  6:53  High Templar  
  101  6:54  Zealot x2  
  108  7:07  Shield Battery  
  108  7:11  Gateway  
  108  7:12  Gateway  
  108  7:13  Immortal (Chrono Boost)  
  108  7:14  Zealot x3, High Templar x2  
  122  7:18  Archon  
  122  7:24  Observer  
  122  7:29  Shield Battery  
  122  7:31  Photon Cannon  
  122  7:32  Shield Battery  
  122  7:35  Photon Cannon  
  122  7:41  Immortal (Chrono Boost), High Templar  
  122  7:42  Zealot x3, High Templar  
  136  7:52  Pylon  
  136  7:55  High Templar x2, Pylon  
  140  8:02  Archon  
  134  8:07  Stalker  
  134  8:08  Stalker x2  
  140  8:18  Immortal  
  136  8:29  Stalker x6  
  139  8:39  Stalker x4  
  134  8:56  Stalker x4  
  134  8:57  Zealot x2  
  134  9:01  Archon  
  136  9:03  Immortal (Chrono Boost)  
  136  9:10  Probe x3  
  136  9:14  Zealot x4  
  140  9:30  Assimilator  
  140  9:31  Assimilator  
  140  9:39  Zealot x3  
  140  9:40  Zealot x4, High Templar x2  
  140  9:43  Pylon  
Tags
 
Add a new tag
Caveats
  • Supply blocks, unpowered buildings, or Contaminate may cause inaccurate times.
  • Supply counts are checked every 10 seconds.